 Dungeon Crawl Stone Soup version 0.31-a0-986-g5e6e4ef867 (webtiles) character file.

Game seed: 4076518846512671982

10 wildpjah the Covered (level 2, 0/26 HPs)
             Began as an Armataur Fighter on Nov 20, 2023.
             Killed from afar by Sigmund (5 damage)
             ... with a puff of flame
             ... on level 2 of the Dungeon.
             The game lasted 00:01:00 (970 turns).

wildpjah the Covered (Armataur Fighter)              Turns: 970, Time: 00:01:00

Health: 0/26       AC:  9    Str: 21    XL:     2   Next: 10%
Magic:  2/2        EV:  7    Int:  8    God:
Gold:   73         SH:  0    Dex:  9    Spells: 1/1 levels left

rFire   . . .        a - +0 flail
rCold   . . .        c - +0 buckler
rNeg    . . .        b - +0 scale mail
rPois   .            (no helmet)
rElec   .            e - +0 cloak
rCorr   .            f - +0 pair of gloves
SInv    .            (no barding)
Will    .....        (no amulet) Stlth
                     (no ring)
HPRegen 0.24/turn    (no ring)
MPRegen 0.08/turn

%: roll
@: confused
A: large, rugged brown scales 3, deformed body, armoured tail, roll, long
tongue, awkward tongue
a: no special abilities


You were on level 2 of the Dungeon.
You visited 1 branch of the dungeon, and saw 2 of its levels.

You collected 73 gold pieces.

Inventory:

Hand Weapons
 a - a +0 flail (weapon)
Armour
 b - a +0 scale mail (worn)
 c - a +0 buckler (worn)
 e - a +0 cloak (worn)
 f - a +0 pair of gloves (worn)
 g - an orb of light
Scrolls
 h - a scroll of immolation {unknown}
 i - 2 scrolls of identify {unknown}
Potions
 d - a potion of might
 j - a potion of magic {unknown}
 k - a potion of curing {unknown}
 l - a potion of berserk rage {unknown}


   Skills:
 + Level 2.9 Fighting
 + Level 1.8 Maces & Flails
 + Level 3.9 Armour
 + Level 3.4 Shields


You had one spell level left.
You didn't know any spells.
Your spell library was empty.

Dungeon Overview and Level Annotations

Branches:
Dungeon (2/15)

Altars:

Annotations:
D:2 Sigmund


Innate Abilities, Weirdness & Mutations

You are completely covered in rugged brown scales. (AC +3, +7% HP)
Armour fits poorly on your strangely shaped body.
You have a long armoured tail.
You roll when moving toward enemies. (Rampage)
Your long tongue fully drains potion bottles. (2x potion effects)
Your tongue gives you trouble enunciating. (1.5x scroll delay)


Message History

You barely miss Sigmund.
Sigmund is heavily wounded.
A rat comes into view.
Sigmund hits you with a +0 scythe!
You bump into the rock wall.
You're too confused to move!
Sigmund hits you with a +0 scythe.
You bump into the rock wall.
Sigmund hits you with a +0 scythe.
You miss Sigmund.
Your tail-slap misses Sigmund.
Sigmund is heavily wounded.
Sigmund hits you with a +0 scythe.
You bump into the rock wall.
You feel less confused. Sigmund barely misses you.
You roll towards Sigmund!
You barely miss Sigmund.
Sigmund is heavily wounded.
Sigmund barely misses you.
You hit Sigmund.
Sigmund is severely wounded.
Sigmund barely misses you.
You barely miss Sigmund.
Sigmund is severely wounded.
Sigmund casts a spell at you. The magic dart hits you.
* * * LOW HITPOINT WARNING * * *
You barely miss Sigmund.
Your tail-slap misses Sigmund.
Sigmund is severely wounded.
Sigmund hits you but does no damage.
You barely miss Sigmund.
Sigmund is severely wounded.
Sigmund points at you and mumbles some strange words.
You are confused.
You miss Sigmund.
Sigmund is severely wounded.
Sigmund points at you and mumbles some strange words.
You are more confused.
You bump into the rock wall.
Sigmund gestures at you while chanting. The puff of flame hits you.
You die...
Sigmund begins carving another notch in his scythe.

### ############ #..
...........# #.#
..########.# #.# # ##
#.# #.###.# .#..## #>#
#.....###r...?.
#.########.%....@@K....#
#.........[#####.##.....
#.#######..# #.# #.# #.#
#..# #.# #.# ...# #.#
..# .#..# #.# ..# #.#..#
#.# ..# # #..# #.# ..#
#..# ...


You could see Sigmund, a kobold and a rat.

Vanquished Creatures
  3 bats
  An endoplasm (D:1)
  A goblin (D:1)
  2 hobgoblins (D:1)
  A kobold (D:1)
  A rat (D:1)
9 creatures vanquished.

Notes
Turn   | Place    | Note
-------+----------+-------------------------------------------
     0 | D:1      | wildpjah the Armataur Fighter began the quest for the Orb.
     0 | D:1      | Reached XP level 1. HP: 19/19 MP: 1/1
   475 | D:1      | Reached XP level 2. HP: 26/26 MP: 2/2
   738 | D:1      | Found a faded altar of an unknown god.
   947 | D:2      | Noticed Sigmund
   970 | D:2      | Killed from afar by Sigmund

Illustrated notes

Levels and vault maps discovered:
D:1:      onia_arrival_pentagram, layout_loops_corners,
          shapermc_ecumenical_altar_acropolis
D:2:      layout_loops_ring, uniq_sigmund, uniq_natasha

Action                     || total
---------------------------++-------
  Melee: Flail             ||    32
         Tailslap          ||     1
 Armour: Scale mail        ||    23
  Dodge: Dodged            ||    10
  Block: Buckler           ||     1

Table legend: (Time is in decaauts)
 A = Elapsed time spent in this place.
 B = Non-inter-level travel time spent in this place.
 C = Inter-level travel time spent in this place.
 D = Time resting spent in this place.
 E = Time spent auto-exploring this place.
 F = Levels seen in this place.
 G = Mean time per level.
                   A        B        C        D        E       F      G
               +--------+--------+--------+--------+--------+-----+--------+
         Total |    980 |    924 |     56 |      0 |    791 |   2 |  490.0 |
       Dungeon |    980 |    924 |     56 |      0 |    791 |   2 |  490.0 |
               +--------+--------+--------+--------+--------+-----+--------+

Top non-repeatable levels by time:
     D:1: 901 daAuts
     D:2: 78 daAuts
